 Dungeon Crawl Stone Soup version 0.28-a0-919-g0b5b508569 (webtiles) character file.

Game seed: 8468370232998624347

888 bearlyready the Insei (level 8, -6/48 HPs)
             Began as an Octopode Transmuter on Nov 26, 2021.
             Mangled by a wyvern zombie (12 damage)
             ... on level 5 of the Dungeon.
             The game lasted 00:08:57 (6876 turns).

bearlyready the Insei (Octopode Transmuter)         Turns: 6876, Time: 00:08:58

Health: -6/48      AC:  1    Str:  9    XL:     8   Next: 6%
Magic:  11/11      EV: 13    Int: 18    God:
Gold:   197        SH:  0    Dex: 12    Spells: 5/11 levels left

rFire   . . .      SeeInvis .     - Unarmed
rCold   . . .      Faith    .   (no shield)
rNeg    . . .      Spirit   .   (helmet restricted)
rPois   .          Reflect  .   (no amulet)
rElec   .          Harm     .   (no ring)
rCorr   .          Rampage  .   (no ring)
Will    .....                   (no ring)
Stlth   ++........              (no ring)
HPRegen 0.16/turn               (no ring)
MPRegen 0.12/turn               (no ring)
                                (no ring)
                                (no ring)

@: no status effects
A: almost no armour, amphibious, 8 rings, camouflage 1, gelatinous body 1,
(nimble swimmer 1), tentacles
a: no special abilities


You were on level 5 of the Dungeon.
You visited 1 branch of the dungeon, and saw 5 of its levels.

You collected 197 gold pieces.

Inventory:

Missiles
 a - 50 stones
 o - 9 boomerangs (quivered)
 r - 6 poisoned darts
Magical Staves
 f - a staff of conjuration
Wands
 j - a wand of acid (7)
Scrolls
 e - 2 scrolls of enchant weapon
 h - 2 scrolls of amnesia
 i - a scroll of magic mapping {unknown}
 k - a scroll of noise {unknown}
 m - a scroll of fog {unknown}
 n - a scroll of blinking {unknown}
 p - 3 scrolls of teleportation
Potions
 b - a potion of haste {unknown}
 c - 2 potions of degeneration {unknown}
 d - a potion of might {unknown}
 l - a potion of resistance
 q - a potion of mutation {unknown}


   Skills:
 - Level 1.0 Fighting
 - Level 2.0 Dodging
 + Level 6.2 Unarmed Combat
 - Level 2.0 Spellcasting
 + Level 5.7 Transmutations
 - Level 5.1 Poison Magic


You had 5 spell levels left.
You knew the following spells:

 Your Spells              Type           Power      Damage    Failure   Level
a - Beastly Appendage     Tmut           44%        N/A       1%          1
b - Wereblood             Tmut           22%        N/A       2%          2
c - Spider Form           Tmut/Pois      21%        N/A       6%          3

Your spell library contained the following spells:

 Spells                   Type           Power      Damage    Failure   Level
 Sublimation of Blood     Necr           1%         N/A       26%         2
 Inner Flame              Hex/Fire       1%         N/A       47%         3
 Ice Form                 Ice/Tmut       12%        N/A       50%         4
 Petrify                  Tmut/Erth      12%        N/A       50%         4
 Irradiate                Conj/Tmut      6%         3d15      83%         5
 Cause Fear               Hex            0%         N/A       87%         4
 Discord                  Hex            0%         N/A       100%        8


Dungeon Overview and Level Annotations

Branches:
Dungeon (5/15)             Temple (0/1) D:5

Altars:


Innate Abilities, Weirdness & Mutations

You cannot wear most types of armour.
You are amphibious.
You can wear up to eight rings at the same time.
Your skin changes colour to match your surroundings (Stealth+).
Your rubbery body absorbs attacks. (AC +1, EV +1)
((You are camouflaged near water. (Stealth+)))
You have tentacles for arms and can constrict up to eight enemies at once.


Message History

You completely miss the wyvern zombie.
The wyvern zombie is almost destroyed.
The wyvern zombie bites you.
* * * LOW HITPOINT WARNING * * *
The wyvern zombie misses you.
You climb upwards.
There is a stone staircase leading down here.
You start resting.
Your transformation is almost over.
You start resting.
Magic restored.
You start resting.
Your transformation has ended.
You start resting.
HP restored.
You can't go up here!
You climb downwards.
You hear the sound of rushing water.
There is an entrance to a sewer on this level.
Hurry and find it before the portal rusts away!
The walls and floor vibrate strangely for a moment.
The wyvern zombie closely misses you. x2
There is a stone staircase leading up here.
The wyvern zombie bites you!
You barely miss the wyvern zombie.
The wyvern zombie is almost destroyed.
The wyvern zombie barely misses you.
You tentacle-slap the wyvern zombie.
The wyvern zombie is almost destroyed.
The wyvern zombie bites you! The wyvern zombie misses you.
You tentacle-slap the wyvern zombie.
The wyvern zombie is almost destroyed.
The wyvern zombie bites you.
You barely miss the wyvern zombie.
The wyvern zombie is almost destroyed.
The wyvern zombie bites you!
* * * LOW HITPOINT WARNING * * *
You barely miss the wyvern zombie. You squeeze the wyvern zombie.
The wyvern zombie is almost destroyed.
The wyvern zombie bites you!
You die...

#. #.# # #.# #.
#.# #.. #.#
###.##..
.......##
##.#.Z<##
##....@..##
##...............
..##.......##.##
#.##........### #
...............
#.##<###### # #.#
... ##...


You could see a wyvern zombie.

Vanquished Creatures
  Pikel (D:4)
  2 ogres
  A lemure (D:4)
  An orc priest (D:4)
  A hound (D:4)
  9 adders
  4 gnolls (D:2)
  An ufetubus (D:4)
  An adder skeleton (D:4)
  A worm (D:2)
  2 dart slugs
  9 orcs
  5 bats
  6 endoplasms
  4 giant cockroaches (D:2)
  2 goblins (D:2)
  5 hobgoblins
  6 jackals
  7 kobolds
  7 ball pythons
  3 frilled lizards (D:2)
  5 rats
83 creatures vanquished.

Notes
Turn   | Place    | Note
-------+----------+-------------------------------------------
     0 | D:1      | bearlyready the Octopode Transmuter began the quest for the
                  | Orb.
     0 | D:1      | Reached XP level 1. HP: 13/13 MP: 3/3
   460 | D:1      | You fall into a shaft and drop 1 floor!
   516 | D:2      | Reached XP level 2. HP: 18/18 MP: 3/5
  1514 | D:2      | Reached XP level 3. HP: 20/23 MP: 6/6
  1556 | D:2      | Learned a level 2 spell: Wereblood
  1562 | D:2      | Learned a level 3 spell: Spider Form
  2063 | D:2      | Reached skill level 1 in Poison Magic
  2083 | D:2      | Reached XP level 4. HP: 24/28 MP: 7/7
  2301 | D:2      | Reached skill level 4 in Unarmed Combat
  2903 | D:2      | Found a faded altar of an unknown god.
  2983 | D:3      | Reached XP level 5. HP: 33/33 MP: 8/8
  4896 | D:4      | Noticed a lemure
  4908 | D:4      | Reached XP level 6. HP: 18/38 MP: 5/9
  5503 | D:4      | Noticed Pikel
  5553 | D:4      | Killed Pikel
  5554 | D:4      | Reached skill level 5 in Unarmed Combat
  5554 | D:4      | Reached skill level 5 in Transmutations
  5554 | D:4      | Reached skill level 5 in Poison Magic
  5554 | D:4      | Reached XP level 7. HP: 23/43 MP: 7/10
  6163 | D:5      | Entered Level 5 of the Dungeon
  6212 | D:5      | Found a staircase to the Ecumenical Temple.
  6243 | D:5      | Reached skill level 6 in Unarmed Combat
  6243 | D:5      | Reached XP level 8. HP: 19/48 MP: 9/11
  6876 | D:5      | Mangled by a wyvern zombie

Illustrated notes

Levels and vault maps discovered:
D:1:      dpeg_arrival_stone_temple_mockup, layout_basic, st_stairs_8
D:2:      layout_basic, ebering_ecumenical_altar_mist
D:3:      layout_basic, nicolae_concentric_dashed_squares_wild,
          serial_bayou_pond_e
D:4:      layout_basic, grunt_ministairs_10, uniq_pikel
D:5:      layout_loops_ring, minmay_temple_entry_statues_fountains,
          portal_sewer_entry_f, uniq_grinder

Skill      XL: |  1  2  3  4  5  6  7 |
---------------+----------------------+-----
Transmutations | 3 4 5 |  5.7
Poison Magic   | 1 2 3 5 |  5.1
Unarmed Combat | 4 5 6 |  6.2
Fighting       | |  1.0
Dodging        | |  2.0
Spellcasting   | |  2.0

Action                   |  1- 3 |  4- 6 |  7- 9 || total
-------------------------+-------+-------+-------++-------
Melee: Unarmed           |    78 |   131 |    47 ||   256
       Tentacles         |    17 |     8 |     3 ||    28
       Constrict         |    18 |     7 |     3 ||    28
       Kick              |     6 |       |       ||     6
       Punch             |     1 |       |       ||     1
Throw: Stone             |     1 |     1 |       ||     2
       Boomerang         |       |     2 |       ||     2
 Cast: Beastly Appendage |     5 |       |       ||     5
       Spider Form       |       |    13 |     3 ||    16
       Wereblood         |       |     1 |       ||     1
Evoke: Wand              |       |     1 |       ||     1
  Use: Potion            |       |     1 |     1 ||     2
       Scroll            |       |       |     4 ||     4
 Stab: Sleeping          |     6 |     5 |     1 ||    12
       Distracted        |       |       |     1 ||     1
Armor: Skin              |     2 |    12 |     5 ||    19
Dodge: Dodged            |    41 |   103 |    55 ||   199

Table legend: (Time is in decaauts)
 A = Elapsed time spent in this place.
 B = Non-inter-level travel time spent in this place.
 C = Inter-level travel time spent in this place.
 D = Time resting spent in this place.
 E = Time spent auto-exploring this place.
 F = Levels seen in this place.
 G = Mean time per level.
                   A        B        C        D        E       F      G
               +--------+--------+--------+--------+--------+-----+--------+
         Total |   6861 |   6670 |    191 |    936 |   4790 |   5 | 1372.2 |
       Dungeon |   6861 |   6670 |    191 |    936 |   4790 |   5 | 1372.2 |
               +--------+--------+--------+--------+--------+-----+--------+

Top non-repeatable levels by time:
     D:4: 2225 daAuts
     D:3: 1588 daAuts
     D:1: 1575 daAuts
     D:2: 1395 daAuts
     D:5: 77 daAuts
